TOP OF THE 1ST |
Washington (APP) Nationals batting - Pitching for Chicago (APP) Cubs : RHP Carlos Zavala
|
Pitching: RHP Carlos Zavala
|
|
Batting: RHB Bobby Bricker
|
0-0: Ball 1-0: Ball 2-0: Called Strike 2-1: Swinging Strike 2-2: Ball 3-2: Strikes out looking
|
Batting: RHB Antonio Vallez
|
0-0: Ball 1-0: Bunt missed! 1-1: Swinging Strike 1-2: Strikes out swinging
|
Batting: RHB Gregg Huddleston
|
0-0: Called Strike 0-1: Ball 1-1: Ball 2-1: Foul Ball, location: 2F 2-2: Ground out 6-3 (Groundball, 6, EV 106.9 MPH)
|
Top of the 1st over - 0 runs, 0 hits, 0 errors, 0 left on base; Washington (APP) 0 - Chicago (APP) 0 |
BOTTOM OF THE 1ST |
Chicago (APP) Cubs batting - Pitching for Washington (APP) Nationals : RHP Greg Hall
|
Pitching: RHP Greg Hall
|
|
Batting: RHB Hugo Torrez
|
0-0: Ball 1-0: Foul Ball, location: 2F 1-1: SINGLE (Groundball, 6MD, EV 102.5 MPH)
|
Batting: LHB Emir Jalil
|
0-0: Swinging Strike 0-1: Ball 1-1: Called Strike Hugo Torrez steals 2nd base 1-2: Ground out 5-3 (Groundball, 56, EV 106.9 MPH)
|
Batting: RHB Randy Schmitt
|
0-0: Ball 1-0: Ground out 5-3 (Groundball, 56S, EV 91.2 MPH)
|
Batting: RHB Mike Larson
|
0-0: Swinging Strike 0-1: Swinging Strike 0-2: Ball 1-2: 2-RUN HOME RUN (Flyball, 7D, EV 99.4 MPH), Distance : 379 ft
|
Batting: RHB Josh Burns
|
0-0: Ball 1-0: Ball 2-0: SINGLE (Groundball, 34D, EV 104.4 MPH)
|
Batting: RHB Josh Asch
|
0-0: Ball 1-0: Called Strike 1-1: Foul Ball, location: 2F 1-2: Fly out, F9 (Flyball, 9, EV 94.4 MPH)
|
Bottom of the 1st over - 2 runs, 3 hits, 0 errors, 1 left on base; Washington (APP) 0 - Chicago (APP) 2 |
TOP OF THE 2ND |
Washington (APP) Nationals batting - Pitching for Chicago (APP) Cubs : RHP Carlos Zavala
|
Batting: RHB Lamar Thornton
|
0-0: Called Strike 0-1: Foul Ball, location: 2F 0-2: Strikes out swinging
|
Pitching: LHP Alex Gandarilla
|
|
Batting: RHB Chad Madsen
|
0-0: Ball 1-0: Ball 2-0: Ball 3-0: Called Strike 3-1: Swinging Strike 3-2: Ground out 5-3 (Groundball, 56, EV 87.5 MPH)
|
Batting: LHB Jim Weidman
|
0-0: Ball 1-0: Ball 2-0: Fly out, F7 (Flyball, 7LD, EV 101.2 MPH)
|
Top of the 2nd over - 0 runs, 0 hits, 0 errors, 0 left on base; Washington (APP) 0 - Chicago (APP) 2 |
BOTTOM OF THE 2ND |
Chicago (APP) Cubs batting - Pitching for Washington (APP) Nationals : RHP Greg Hall
|
Batting: RHB Jose Sanchez
|
0-0: Foul Ball, location: 2F 0-1: Ball 1-1: Ball 2-1: Ball 3-1: Foul Ball, location: 2F 3-2: Foul Ball, location: 2F 3-2: Fly out, F7 (Flyball, 7D, EV 85.0 MPH)
|
Batting: RHB Chris Stec
|
0-0: Hit by Pitch
|
Batting: RHB Andy Baumhardt
|
0-0: SINGLE (Line Drive, 6D, EV 101.2 MPH) Chris Stec to second
|
Batting: RHB Hugo Torrez
|
0-0: Ball 1-0: Foul Ball, location: 2F 1-1: Grounds into double play, 6-4-3 (Groundball, 6, EV 77.5 MPH)
|
Bottom of the 2nd over - 0 runs, 1 hit, 0 errors, 1 left on base; Washington (APP) 0 - Chicago (APP) 2 |
TOP OF THE 3RD |
Washington (APP) Nationals batting - Pitching for Chicago (APP) Cubs : LHP Alex Gandarilla
|
Batting: RHB Jelexiz Cuenca
|
0-0: Called Strike 0-1: Ball 1-1: Ball 2-1: Called Strike 2-2: Ball 3-2: Strikes out swinging
|
Batting: RHB Jason Ewert
|
0-0: Ball 1-0: Foul Ball, location: 2F 1-1: Swinging Strike 1-2: Ball 2-2: Strikes out swinging
|
Pitching: RHP Dwight Bean
|
|
Batting: RHB Brian Walker
|
0-0: Ball 1-0: Ball 2-0: Called Strike 2-1: Called Strike 2-2: Strikes out looking
|
Top of the 3rd over - 0 runs, 0 hits, 0 errors, 0 left on base; Washington (APP) 0 - Chicago (APP) 2 |
BOTTOM OF THE 3RD |
Chicago (APP) Cubs batting - Pitching for Washington (APP) Nationals : RHP Greg Hall
|
Batting: LHB Emir Jalil
|
0-0: Ball 1-0: Ball 2-0: Foul Ball, location: 2F 2-1: Swinging Strike 2-2: Fly out, F5 (Popup, 5F, EV 67.5 MPH)
|
Batting: RHB Randy Schmitt
|
0-0: Called Strike 0-1: Ball 1-1: SINGLE (Groundball, 56S, EV 66.2 MPH) (infield hit)
|
Batting: RHB Mike Larson
|
0-0: Called Strike 0-1: Foul Ball, location: 2F 0-2: Ball 1-2: Fly out, F7 (Flyball, 78M, EV 88.1 MPH)
|
Batting: RHB Josh Burns
|
0-0: Ball 1-0: Ball 2-0: Ball 3-0: Called Strike 3-1: Base on Balls Randy Schmitt to second
|
Batting: RHB Josh Asch
|
0-0: Foul Ball, location: 2F 0-1: Called Strike 0-2: Ball 1-2: Fly out, F7 (Flyball, 78D, EV 101.2 MPH)
|
Bottom of the 3rd over - 0 runs, 1 hit, 0 errors, 2 left on base; Washington (APP) 0 - Chicago (APP) 2 |
TOP OF THE 4TH |
Washington (APP) Nationals batting - Pitching for Chicago (APP) Cubs : RHP Dwight Bean
|
Batting: RHB Bobby Bricker
|
0-0: Called Strike 0-1: Called Strike 0-2: Ball 1-2: Foul Ball, location: 2F 1-2: Strikes out looking
|
Batting: RHB Antonio Vallez
|
0-0: Swinging Strike 0-1: Ball 1-1: Ball 2-1: Swinging Strike 2-2: Strikes out swinging
|
Batting: RHB Gregg Huddleston
|
0-0: Called Strike 0-1: Ball 1-1: Foul Ball, location: 2F 1-2: Strikes out swinging
|
Top of the 4th over - 0 runs, 0 hits, 0 errors, 0 left on base; Washington (APP) 0 - Chicago (APP) 2 |
BOTTOM OF THE 4TH |
Chicago (APP) Cubs batting - Pitching for Washington (APP) Nationals : RHP Greg Hall
|
Pitching: RHP Omar Perez
|
|
Batting: RHB Jose Sanchez
|
0-0: Foul Ball, location: 2F 0-1: Swinging Strike 0-2: Strikes out swinging
|
Batting: RHB Chris Stec
|
0-0: Called Strike 0-1: Ball 1-1: Ball 2-1: Fly out, F6 (Popup, P, EV 88.8 MPH)
|
Batting: RHB Andy Baumhardt
|
0-0: Called Strike 0-1: Ball 1-1: DOUBLE (Line Drive, 89D, EV 112.5 MPH)
|
Batting: RHB Hugo Torrez
|
0-0: Ball 1-0: Called Strike 1-1: Ground out 5-3 (Groundball, 56, EV 86.9 MPH)
|
Bottom of the 4th over - 0 runs, 1 hit, 0 errors, 1 left on base; Washington (APP) 0 - Chicago (APP) 2 |
TOP OF THE 5TH |
Washington (APP) Nationals batting - Pitching for Chicago (APP) Cubs : RHP Dwight Bean
|
Pitching: RHP Angel Pesina
|
|
Batting: RHB Lamar Thornton
|
0-0: Called Strike 0-1: Ball 1-1: Foul Ball, location: 2F 1-2: Ball 2-2: SINGLE (Groundball, 25, EV 71.9 MPH) (infield hit)
|
Batting: RHB Chad Madsen
|
0-0: Called Strike 0-1: Swinging Strike 0-2: Strikes out swinging
|
Batting: LHB Jim Weidman
|
0-0: Ball Lamar Thornton steals 2nd base 1-0: Ball 2-0: Called Strike 2-1: Foul Ball, location: 2F 2-2: SINGLE (Groundball, P, EV 83.1 MPH) (infield hit) Lamar Thornton to third
|
Batting: RHB Jelexiz Cuenca
|
0-0: Called Strike 0-1: Called Strike 0-2: Fly out, F8 (Flyball, 89D, EV 101.2 MPH)
|
Batting: RHB Jason Ewert
|
0-0: Called Strike 0-1: Called Strike 0-2: Ball 1-2: Ball 2-2: Fly out, F6 (Line Drive, 6, EV 75.0 MPH)
|
Top of the 5th over - 0 runs, 2 hits, 0 errors, 2 left on base; Washington (APP) 0 - Chicago (APP) 2 |
BOTTOM OF THE 5TH |
Chicago (APP) Cubs batting - Pitching for Washington (APP) Nationals : RHP Omar Perez
|
Batting: LHB Emir Jalil
|
0-0: Called Strike 0-1: Foul Ball, location: 2F 0-2: Ball 1-2: SOLO HOME RUN (Flyball, 89XD, EV 114.4 MPH), Distance : 447 ft
|
Batting: RHB Randy Schmitt
|
0-0: Ball 1-0: SINGLE (Line Drive, 9S, EV 111.2 MPH)
|
Pitching: RHP Chris Mosley
|
|
Batting: RHB Mike Larson
|
0-0: SINGLE (Groundball, 4MD, EV 105.0 MPH) Randy Schmitt to second
|
Batting: RHB Josh Burns
|
0-0: Called Strike 0-1: Foul Ball, location: 2F 0-2: Ball 1-2: Ball 2-2: Foul Ball, location: 2F 2-2: Strikes out swinging
|
Batting: RHB Josh Asch
|
0-0: Called Strike 0-1: SINGLE (Line Drive, 56, EV 97.5 MPH) Randy Schmitt to third Mike Larson to second
|
Batting: RHB Jose Sanchez
|
0-0: Ball 1-0: Called Strike 1-1: Ball 2-1: Ball 3-1: Base on Balls Randy Schmitt scores Mike Larson to third Josh Asch to second
|
Batting: RHB Chris Stec
|
0-0: Ball 1-0: Ball 2-0: Ball 3-0: Base on Balls Mike Larson scores Josh Asch to third Jose Sanchez to second
|
Batting: RHB Andy Baumhardt
|
0-0: Ball 1-0: Swinging Strike 1-1: Foul Ball, location: 2F 1-2: Strikes out swinging
|
Batting: RHB Hugo Torrez
|
0-0: Called Strike 0-1: Called Strike 0-2: Ball 1-2: Ball 2-2: SINGLE (Groundball, 6MS, EV 72.5 MPH) (infield hit) Josh Asch scores Jose Sanchez to third Chris Stec to second
|
Batting: LHB Emir Jalil
|
0-0: Called Strike 0-1: Ball 1-1: Called Strike 1-2: GRAND SLAM HOME RUN (Flyball, 7LD, EV 98.1 MPH), Distance : 372 ft
|
Pitching: RHP Steve Kunselman
|
|
Batting: RHB Randy Schmitt
|
0-0: Ball 1-0: Ball 2-0: Ball 3-0: Called Strike 3-1: Base on Balls
|
Batting: RHB Mike Larson
|
0-0: Swinging Strike 0-1: Ball 1-1: Ball 2-1: Foul Ball, location: 2F 2-2: Ball Wild Pitch! Randy Schmitt to second 3-2: Base on Balls
|
Batting: RHB Josh Burns
|
0-0: Ball 1-0: Foul Ball, location: 2F 1-1: Foul Ball, location: 2F 1-2: Ball Wild Pitch! Randy Schmitt to third Mike Larson to second 2-2: Foul Ball, location: 2F 2-2: Fly out, F9 (Flyball, 9, EV 86.2 MPH)
|
Bottom of the 5th over - 8 runs, 6 hits, 0 errors, 2 left on base; Washington (APP) 0 - Chicago (APP) 10 |
TOP OF THE 6TH |
Washington (APP) Nationals batting - Pitching for Chicago (APP) Cubs : RHP Angel Pesina
|
Pitching: LHP Eddie Panagos
|
|
Batting: RHB Brian Walker
|
0-0: Foul Ball, location: 2F 0-1: Foul Ball, location: 2F 0-2: Ball 1-2: Strikes out looking
|
Batting: RHB Bobby Bricker
|
0-0: Ball 1-0: Ball 2-0: Foul Ball, location: 2F 2-1: Swinging Strike 2-2: Foul Ball, location: 2F 2-2: Strikes out swinging, 2-3 out at first.
|
Batting: RHB Antonio Vallez
|
0-0: Called Strike 0-1: Swinging Strike 0-2: Foul Ball, location: 2F 0-2: Foul Ball, location: 2F 0-2: Ball 1-2: Ball 2-2: Foul Ball, location: 2F 2-2: Foul Ball, location: 2F 2-2: Strikes out swinging
|
Top of the 6th over - 0 runs, 0 hits, 0 errors, 0 left on base; Washington (APP) 0 - Chicago (APP) 10 |
BOTTOM OF THE 6TH |
Chicago (APP) Cubs batting - Pitching for Washington (APP) Nationals : RHP Steve Kunselman
|
Batting: RHB Josh Asch
|
0-0: Foul Ball, location: 2F 0-1: Ball 1-1: Ball 2-1: Swinging Strike 2-2: Ball 3-2: DOUBLE (Line Drive, 7LM, EV 113.1 MPH)
|
Pitching: RHP Matt Seivert
|
|
Batting: RHB Jose Sanchez
|
0-0: Foul Ball, location: 2F 0-1: Ball 1-1: Ground out 6-3 (Groundball, 6M, EV 85.0 MPH) Josh Asch to third
|
Batting: RHB Chris Stec
|
0-0: Ball Wild Pitch! Josh Asch scores 1-0: Ball 2-0: Called Strike 2-1: Foul Ball, location: 2F 2-2: Strikes out swinging
|
Batting: RHB Andy Baumhardt
|
0-0: Called Strike 0-1: Ball 1-1: Called Strike 1-2: Strikes out swinging
|
Bottom of the 6th over - 1 run, 1 hit, 0 errors, 0 left on base; Washington (APP) 0 - Chicago (APP) 11 |
TOP OF THE 7TH |
Washington (APP) Nationals batting - Pitching for Chicago (APP) Cubs : LHP Eddie Panagos
|
Pitching: RHP Rob Craft
|
|
Batting: RHB Gregg Huddleston
|
0-0: Ball 1-0: Ground out 5-3 (Groundball, 56, EV 83.1 MPH)
|
Batting: RHB Lamar Thornton
|
0-0: Ball 1-0: Called Strike 1-1: Swinging Strike 1-2: Fly out, F8 (Flyball, 8LD, EV 93.1 MPH)
|
Batting: RHB Chad Madsen
|
0-0: SINGLE (Groundball, 56D, EV 103.8 MPH)
|
Batting: LHB Jim Weidman
|
0-0: Ball Passed Ball! Chad Madsen to second 1-0: Foul Ball, location: 2F 1-1: Ball 2-1: SINGLE (Line Drive, 9LS, EV 102.5 MPH) Chad Madsen to third Runner from 3rd tries for Home, throw by RF and OUT! 9-2
|
Top of the 7th over - 0 runs, 2 hits, 0 errors, 1 left on base; Washington (APP) 0 - Chicago (APP) 11 |
BOTTOM OF THE 7TH |
Chicago (APP) Cubs batting - Pitching for Washington (APP) Nationals : RHP Matt Seivert
|
Batting: RHB Hugo Torrez
|
0-0: Ball 1-0: Foul Ball, location: 2F 1-1: Swinging Strike 1-2: Foul Ball, location: 2F 1-2: Foul Ball, location: 2F 1-2: Ball 2-2: Ball 3-2: Base on Balls
|
Pitching: RHP Ramiro Ramirez
|
|
Batting: LHB Emir Jalil
|
0-0: Ball 1-0: Ball 2-0: Called Strike 2-1: Ball 3-1: Swinging Strike 3-2: Base on Balls Hugo Torrez to second
|
Batting: RHB Randy Schmitt
|
0-0: Called Strike 0-1: Foul Ball, location: 2F 0-2: Ball 1-2: Ball 2-2: Ball 3-2: Base on Balls Hugo Torrez to third Emir Jalil to second
|
Batting: RHB Mike Larson
|
0-0: Foul Ball, location: 2F 0-1: SINGLE (Groundball, 34, EV 102.5 MPH) Hugo Torrez scores Emir Jalil to third Randy Schmitt to second
|
Pinch Hitting: RHB Eddy Marcos
|
0-0: Called Strike 0-1: Ball 1-1: Called Strike 1-2: DOUBLE (Groundball, 3L, EV 94.4 MPH) Emir Jalil scores Randy Schmitt scores Mike Larson to third
|
Pitching: LHP Mike Rosas
|
|
Batting: RHB Josh Asch
|
0-0: Fly out, F9 (Flyball, 89M, EV 91.2 MPH)
|
Batting: RHB Juan Bonilla
|
0-0: Ground out U3 (Groundball, 34S, EV 84.4 MPH) Mike Larson scores Eddy Marcos to third
|
Batting: RHB Chris Stec
|
0-0: Swinging Strike 0-1: Ball 1-1: Ground out 3-1 (Groundball, 34S, EV 76.9 MPH)
|
Bottom of the 7th over - 4 runs, 2 hits, 0 errors, 1 left on base; Washington (APP) 0 - Chicago (APP) 15 |
TOP OF THE 8TH |
Washington (APP) Nationals batting - Pitching for Chicago (APP) Cubs : RHP Rob Craft
|
Now at 1B: Chris Stec
|
|
Now in LF: Eddy Marcos
|
|
Batting: RHB Jelexiz Cuenca
|
0-0: Called Strike 0-1: Ball 1-1: Foul Ball, location: 2F 1-2: Ball 2-2: Strikes out swinging
|
Batting: RHB Jason Ewert
|
0-0: Foul Ball, location: 2F 0-1: Called Strike 0-2: Strikes out swinging
|
Pitching: RHP Nicolai Volnov
|
|
Batting: RHB Brian Walker
|
0-0: SINGLE (Groundball, 4D, EV 101.9 MPH)
|
Batting: RHB Bobby Bricker
|
0-0: Ball 1-0: Called Strike 1-1: Ball 2-1: Ball 3-1: Swinging Strike 3-2: Foul Ball, location: 2F 3-2: Base on Balls Brian Walker to second
|
Batting: RHB Antonio Vallez
|
0-0: Called Strike 0-1: Ball 1-1: Ball 2-1: Ball 3-1: Base on Balls Brian Walker to third Bobby Bricker to second
|
Batting: RHB Gregg Huddleston
|
0-0: Foul Ball, location: 2F 0-1: Foul Ball, location: 2F 0-2: Ball 1-2: Fly out, F6 (Line Drive, 6, EV 71.2 MPH)
|
Top of the 8th over - 0 runs, 1 hit, 0 errors, 3 left on base; Washington (APP) 0 - Chicago (APP) 15 |
BOTTOM OF THE 8TH |
Chicago (APP) Cubs batting - Pitching for Washington (APP) Nationals : LHP Mike Rosas
|
Batting: RHB Andy Baumhardt
|
0-0: Ball 1-0: DOUBLE (Groundball, 5L, EV 109.4 MPH)
|
Batting: RHB Hugo Torrez
|
0-0: Ball 1-0: Swinging Strike 1-1: Foul Ball, location: 2F 1-2: Strikes out swinging
|
Batting: LHB Emir Jalil
|
0-0: Ball 1-0: Called Strike 1-1: Hit by Pitch
|
Batting: RHB Randy Schmitt
|
0-0: Called Strike 0-1: Foul Ball, location: 2F 0-2: Fielders Choice at 2nd, 4-6 (Groundball, 34, EV 82.5 MPH) Andy Baumhardt to third
|
Batting: RHB Mike Larson
|
0-0: Called Strike 0-1: Ball 1-1: Foul Ball, location: 2F 1-2: SINGLE (Groundball, 6, EV 100.0 MPH) Andy Baumhardt scores Randy Schmitt to second
|
Pitching: RHP Nate Vandergriff
|
|
Batting: RHB Eddy Marcos
|
0-0: Ball 1-0: Ball 2-0: Ball 3-0: Called Strike 3-1: Base on Balls Randy Schmitt to third Mike Larson to second
|
Batting: RHB Josh Asch
|
0-0: Called Strike 0-1: Ball 1-1: Foul Ball, location: 2F 1-2: Strikes out swinging
|
Bottom of the 8th over - 1 run, 2 hits, 0 errors, 3 left on base; Washington (APP) 0 - Chicago (APP) 16 |
TOP OF THE 9TH |
Washington (APP) Nationals batting - Pitching for Chicago (APP) Cubs : RHP Nicolai Volnov
|
Batting: RHB Lamar Thornton
|
0-0: Foul Ball, location: 2F 0-1: Called Strike 0-2: Ball 1-2: Strikes out swinging
|
Pitching: RHP Anastagio Fasola
|
|
Batting: RHB Chad Madsen
|
0-0: Ball 1-0: Called Strike 1-1: Ball 2-1: Ball 3-1: Base on Balls
|
Batting: LHB Jim Weidman
|
0-0: Ball Wild Pitch! Chad Madsen to second 1-0: Foul Ball, location: 2F 1-1: Ground out 4-3 (Groundball, 4, EV 86.2 MPH) Chad Madsen to third
|
Batting: RHB Jelexiz Cuenca
|
0-0: Ground out 4-3 (Groundball, 4, EV 88.1 MPH)
|
Top of the 9th over - 0 runs, 0 hits, 0 errors, 1 left on base; Washington (APP) 0 - Chicago (APP) 16 |
|